 Dungeon Crawl Stone Soup version 0.23-a0-650-ga4d50d4 (webtiles) character file.

1666 trollnutz the Grappler (level 8, 0/117 HPs)
             Began as a Troll Chaos Knight on Jan 3, 2019.
             Was a Plaything of Xom.
             Slain by a worker ant (5 damage)
             ... on level 6 of the Dungeon.
             The game lasted 00:12:47 (4362 turns).

trollnutz the Grappler (Troll Chaos Knight)         Turns: 4362, Time: 00:12:48

Health: 0/117      AC: 12    Str: 26    XL:     8   Next: 69%
Magic:  7/7        EV: 17    Int: 13    God:    Xom [*.....]
Gold:   392        SH:  0    Dex: 14    Spells: 7/7 levels left

rFire    . . .     SeeInvis +     - Unarmed
rCold    . . .     Gourm    +   (no shield)
rNeg     . . .     Faith    .   a - +2 robe
rPois    .         Spirit   .   p - +2 hat {Int+3}
rElec    .         Reflect  .   m - +2 cloak
rCorr    .         Harm     .   (gloves unavailable)
MR       .....     Rnd*Tele +   (boots unavailable)
Stlth    ..........             (no amulet)
HPRegen  0.69/turn              f - +2 ring of evasion
MPRegen  0.10/turn              r - ring of teleportation (curse)

@: confused, agile, berserking, lethally poisoned (0 -> 0), very quick
A: large, unfitting armour, claws 3, see invisible, fast metabolism 3, gourmand,
regeneration 1, shaggy fur 1, tough skin 2, MP-powered wands
a: Renounce Religion


You were on level 6 of the Dungeon.
You worshipped Xom.
You were a special plaything of Xom.
You were completely stuffed.

You visited 1 branch of the dungeon, and saw 6 of its levels.

You collected 392 gold pieces.

Inventory:

Missiles
 l - 5 javelins (quivered)
Armour
 a - a +2 robe (worn)
 m - a +2 cloak (worn)
 p - a +2 hat of intelligence (worn)
Jewellery
 c - an uncursed ring of protection from magic
 f - a +2 ring of evasion (left claw)
 o - an uncursed ring of see invisible
 r - a cursed ring of teleportation (right claw)
Wands
 j - a wand of random effects (20)
 w - a wand of polymorph (5)
Scrolls
 d - a scroll of identify
 k - a scroll of remove curse
 n - 2 scrolls of teleportation
 q - a scroll of immolation {unknown}
 s - a scroll of magic mapping {unknown}
 t - a scroll of enchant armour
 u - a scroll of fog {unknown}
 x - a scroll of blinking {unknown}
Potions
 e - a potion of mutation
 h - 2 potions of agility
 i - a potion of cancellation {unknown}
 v - a potion of haste {unknown}
 A - a potion of invisibility {unknown}
Comestibles
 b - 10 rations
 z - 4 chunks of flesh


   Skills:
 + Level 4.0 Fighting
 + Level 1.1 Throwing
 - Level 2.0 Dodging
 + Level 10.6 Unarmed Combat


You had 7 spell levels left.
You didn't know any spells.
Your spell library contained the following spells:

 Spells                   Type           Power        Failure   Level  Hunger
 Animate Skeleton         Necr           N/A          30%         1    ##.....
 Pain                     Necr           #...         30%         1    ##.....
 Regeneration             Chrm/Necr      #.........   67%         3    ####...
 Vampiric Draining        Necr           #.........   67%         3    ####...
 Animate Dead             Necr           N/A          97%         4    #####..


Dungeon Overview and Level Annotations

Branches:
Dungeon (6/15)
 Temple: D:4-7

Altars:
Dithmenos
Hepliaklqana
Kikubaaqudgha
Okawaru
Qazlal
Ru
Vehumet
Wu Jian
Xom

Annotations:
D:3 Ijyb
D:6 Pikel


Innate Abilities, Weirdness & Mutations

You are too large for most types of armour.
You have claws for hands.
Your metabolism is lightning-fast.
You like to eat raw meat.
Your natural rate of healing is unusually fast.
You are covered in fur. (AC +1)
You have very tough skin. (AC +2)
You have supernaturally acute eyesight. (SInv)
You expend magic power (3 MP) to strengthen your wands.


Message History

Pikel hits you with a +1 whip of electrocution.
* * * LOW HITPOINT WARNING * * *
You are electrocuted!
* * * LOW HITPOINT WARNING * * *
Okay, then.
You're too confused!
Unknown command.
Evoke which item? (* to show all) (? for menu, Esc to quit)
Okay, then.
It was a potion of berserk rage.
A red film seems to cover your vision as you go berserk!
You feel yourself moving faster!
You feel mighty!
Xom roars with laughter!
The slave closely misses you. The slave misses you.
The worker ant completely misses you. Pikel closely misses you.
You bump into the rock wall.
You feel a strong urge to attack something.
You feel sick. The slave barely misses you. The worker ant bites you.
You die...
Xom bursts into laughter!

#.##.....##...####. ##
#.####.####......
..####................
.....................##
#................####
###......###...#..#
.........# ##.h...##
........##
###†pa.###... ....##..#
##@p[...... ...##....#
##K[...... .)###..#.#
#........ .## #.##...
p........ ## .# .#..
......... # . .###.
.......... ..........
.........##


You could see Pikel (confused), 2 slaves, a worker ant and a jackal (confused).

Vanquished Creatures
  Grinder (D:5)
  Edmund (D:4)
  A phantom (D:6)
  A slave (D:6)
  An ogre (D:4)
  3 centaurs
  A bullfrog (D:3)
  A scorpion (D:5)
  A howler monkey (D:2)
  A crimson imp (D:6)
  A bullfrog zombie (D:6)
  A centaur zombie (D:5)
  A bullfrog skeleton (D:5)
  A hound (D:6)
  Crazy Yiuf (D:5)
  3 iguanas
  4 orc wizards
  6 worker ants
  8 adders
  2 oozes
  An adder skeleton (D:5)
  An adder zombie (D:5)
  3 worms (D:2)
  4 leopard geckos
  7 orcs
  8 bats
  3 goblins
  2 hobgoblins (D:2)
  10 jackals
  6 kobolds
  2 quokkas
  4 frilled lizards
  A quokka skeleton (D:4)
  2 quokka zombies
  9 rats
  A butterfly (D:2)
104 creatures vanquished.

Vanquished Creatures (collateral kills)
  Sigmund (D:2)
  Natasha (D:2)
  A leopard gecko (D:2)
3 creatures vanquished.

Vanquished Creatures (others)
  A slave (D:6)
  A jackal (D:6)
2 creatures vanquished.

Grand Total: 109 creatures vanquished

Notes
Turn   | Place    | Note
-------+----------+-------------------------------------------
     0 | D:1      | trollnutz the Troll Chaos Knight began the quest for the
                  | Orb.
     0 | D:1      | Reached XP level 1. HP: 22/22 MP: 0/0
    61 | D:1      | XOM: harmless Hex miscast
   113 | D:1      | XOM: mild Necr miscast
   168 | D:1      | Reached XP level 2. HP: 29/29 MP: 1/1
   883 | D:2      | Found a shimmering altar of Xom.
   909 | D:2      | Reached XP level 3. HP: 36/36 MP: 2/2
   961 | D:2      | Found an ancient bone altar of Kikubaaqudgha.
  1016 | D:2      | Found a shadowy altar of Dithmenos.
  1044 | D:2      | XOM: blink monster(s)
  1075 | D:2      | Reached skill level 4 in Unarmed Combat
  1261 | D:2      | XOM is BORED!
  1261 | D:2      | XOM: stat loss: -3 Int (6/9)
  1366 | D:2      | Noticed Sigmund
  1367 | D:2      | Noticed Natasha
  1369 | D:2      | XOM: enchant monster (good)
  1372 | D:2      | XOM: cast spell 'Summon Dragon'
  1373 | D:2      | Killed Sigmund
  1373 | D:2      | Reached skill level 5 in Unarmed Combat
  1373 | D:2      | Reached XP level 4. HP: 28/45 MP: 3/3
  1373 | D:2      | Reached XP level 5. HP: 33/53 MP: 4/4
  1374 | D:2      | XOM: polymorph quicksilver dragon -> iron giant
  1374 | D:2      | Killed Natasha
  1478 | D:3      | Reached XP level 6. HP: 61/61 MP: 5/5
  1533 | D:3      | Reached skill level 6 in Unarmed Combat
  1579 | D:3      | Found a sacrificial altar of Ru.
  1724 | D:3      | XOM: scenery: create altars
  1732 | D:3      | Noticed Ijyb
  1841 | D:3      | Found a stormy altar of Qazlal.
  2003 | D:3      | XOM: divination: detect creatures
  2328 | D:3      | XOM: divination: detect items
  2829 | D:4      | Reached skill level 7 in Unarmed Combat
  2829 | D:4      | Reached XP level 7. HP: 67/67 MP: 6/6
  2850 | D:4      | Noticed Edmund
  2862 | D:4      | Killed Edmund
  2993 | D:4      | XOM: silly message
  3279 | D:5      | Entered Level 5 of the Dungeon
  3282 | D:5      | Gained mutation: Your magical capacity is low. (-10% MP)
                  | [potion of mutation]
  3282 | D:5      | Gained mutation: You tend to lose your temper in combat.
                  | [potion of mutation]
  3282 | D:5      | Gained mutation: You are covered in thick fur. (AC +2)
                  | [potion of mutation]
  3338 | D:5      | Found an iron altar of Okawaru.
  3348 | D:5      | Reached skill level 8 in Unarmed Combat
  3413 | D:5      | Noticed Grinder
  3414 | D:5      | XOM: cast spell 'Ring of Flames'
  3424 | D:5      | Killed Grinder
  3424 | D:5      | Reached skill level 9 in Unarmed Combat
  3502 | D:5      | Found a runed door.
  3545 | D:5      | XOM: noise
  3639 | D:5      | Found a radiant altar of Vehumet.
  3643 | D:5      | Reached XP level 8. HP: 78/78 MP: 6/6
  3808 | D:5      | Lost mutation: You tend to lose your temper in combat.
                  | [potion of mutation]
  3808 | D:5      | Lost mutation: Your magical capacity is low. (-10% MP)
                  | [potion of mutation]
  3808 | D:5      | Lost mutation: You are covered in thick fur. (AC +2)
                  | [potion of mutation]
  3808 | D:5      | Gained mutation: You have supernaturally acute eyesight.
                  | (SInv) [potion of mutation]
  3808 | D:5      | Gained mutation: You expend magic power (3 MP) to
                  | strengthen your wands. [potion of mutation]
  4031 | D:5      | Noticed Crazy Yiuf
  4034 | D:5      | Killed Crazy Yiuf
  4056 | D:5      | XOM: harmless Fire miscast
  4096 | D:6      | XOM: silly message
  4110 | D:6      | Reached skill level 10 in Unarmed Combat
  4153 | D:6      | Found an ornate altar of the Wu Jian Council.
  4198 | D:6      | XOM: silly message
  4250 | D:6      | Reached skill level 1 in Throwing
  4282 | D:6      | Found a hazy altar of Hepliaklqana.
  4327 | D:6      | Noticed Pikel
  4333 | D:6      | XOM: cast spell 'Summon Ice Beast'
  4335 | D:6      | XOM: mild Air miscast
  4360 | D:6      | HP: 3/78 [Pikel/+1 whip of electrocution (10)]
  4362 | D:6      | Slain by a worker ant

Vault maps used:
D:1:      nicolae_arrival_somewhat_less_tricky_arrival
D:2:      kiku_gazebo_pond_becter, nicolae_dithmenos_shadow_blocks,
          xom_butterflies, first_ration, uniq_natasha, uniq_sigmund
D:3:      old_standard_altar, nicolae_ru_sacrificial_ziggurat, uniq_ijyb
D:4:      hangedman_decor_growths, uniq_edmund
D:5:      old_standard_altar, kennysheep_okawaru_gauntlet, uniq_grinder,
          uniq_crazy_yiuf_cottage
D:6:      old_standard_altar, tso_metal_star, old_standard_altar,
          lemuel_zombie_altar_yredelemnul, minmay_temple_entry_from_below_b,
          uniq_pikel

Skill      XL: |  1  2  3  4  5  6  7  8 |
---------------+-------------------------+-----
Dodging        | 2 |  2.0
Fighting       | 3 4 |  4.0
Unarmed Combat | 5 7 9 10 | 10.6
Throwing       | 1 |  1.1

Action                   |  1- 3 |  4- 6 |  7- 9 || total
-------------------------+-------+-------+-------++-------
Melee: Unarmed           |   101 |    91 |   133 ||   325
       Punch             |       |     2 |     4 ||     6
Throw: Javelin           |       |       |     6 ||     6
  Use: Scroll            |       |     6 |     4 ||    10
       Potion            |       |       |     4 ||     4
 Stab: Sleeping          |       |     1 |       ||     1
       Confused          |       |       |     1 ||     1
  Eat: Chunk             |    18 |    13 |    14 ||    45
Armor: Robe              |    37 |    37 |    67 ||   141
Dodge: Dodged            |    52 |    54 |   101 ||   207

Table legend:
 A = Non-vault XP
 B = Vault XP
 C = Vault XP percentage of total XP
 D = Non-vault monster count
 E = Vault monster count
 F = Vault count percentage of total count
                 A         B        C        D         E       F
            +---------+---------+-------+---------+---------+-------
      Total |    1745 |     635 |  26.7 |      99 |       5 |   4.8
            +---------+---------+-------+---------+---------+-------
        D:1 |      27 |       0 |   0.0 |      17 |       0 |   0.0
        D:2 |     111 |     145 |  56.6 |      22 |       2 |   8.3
        D:3 |     198 |       0 |   0.0 |      15 |       0 |   0.0
        D:4 |     304 |     169 |  35.7 |      11 |       1 |   8.3
        D:5 |     472 |     321 |  40.5 |      18 |       2 |  10.0
        D:6 |     633 |       0 |   0.0 |      16 |       0 |   0.0
            +---------+---------+-------+---------+---------+-------
